 Dungeon Crawl Stone Soup version 0.21-a0-349-g0c35859 (webtiles) character file.

182354 Zeas the Imperceptible (level 17, -8/91 HPs)
             Began as a Spriggan Enchanter on Oct 8, 2017.
             Was the Champion of Dithmenos.
             Killed from afar by a nagaraja (24 damage)
             ... with a bolt of poison
             ... on level 4 of the Snake Pit.
             The game lasted 02:13:17 (49684 turns).

Zeas the Imperceptible (Spriggan Enchanter)        Turns: 49684, Time: 02:13:18

Health: -8/91      AC: 17    Str:  8    XL:     17   Next: 70%
Magic:  11/37      EV: 30    Int: 18    God:    Dithmenos [******]
Gold:   2100       SH:  5    Dex: 18    Spells: 30/46 levels left

rFire    . . .     SeeInvis +   Z - +6 dagger of Eternal Vigilance {venom, *Contam MR+ Stlth+}
rCold    . . .     Gourm    .   (shield restricted)
rNeg     + . .     Faith    .   r - +2 robe {rN+}
rPois    .         Spirit   .   G - +1 hat
rElec    .         Reflect  +   L - +1 cloak
rCorr    .         Harm     .   (gloves unavailable)
MR       +++..                  (boots unavailable)
Stlth    ++++++++++             P - +5 amulet of reflection
HPRegen  0.25/turn              u - +2 ring of protection
MPRegen  0.25/turn              p - +4 ring of protection

@: lethally poisoned (-8 -> -27), wreathed by umbra, constricted, very quick
A: unfitting armour, icy blue scales 1, thin metallic scales 1, see invisible,
herbivore 3, speed 3, slow metabolism 2, subdued magic 1
a: Shadow Step, Shadow Form, Renounce Religion


You were on level 4 of the Snake Pit.
You worshipped Dithmenos.
Dithmenos was exalted by your worship.
You were full.

You visited 8 branches of the dungeon, and saw 34 of its levels.
You also visited: Ossuary and Volcano.

You collected 3342 gold pieces.
You spent 1242 gold pieces at shops.

Inventory:

Hand Weapons
 a - a +5 dagger
 x - a +3 rapier of freezing
 C - the +5 short sword of the Eleven Runes {pierce, rC+}
   (You bought it in a shop on level 2 of the Orcish Mines)

   It inflicts extra damage upon your enemies.
   It protects you from cold.
 W - a +0 dagger of electrocution
 Z - the +6 dagger of Eternal Vigilance (weapon) {venom, *Contam MR+ Stlth+}
   (You bought it in a shop on level 2 of the Orcish Mines)

   It poisons the flesh of those it strikes.
   It affects your resistance to hostile enchantments.
   It causes magical contamination when unequipped.
   It makes you more stealthy.
Missiles
 K - 3 throwing nets (quivered)
Armour
 r - a +2 robe of positive energy (worn)
 G - a +1 hat (worn)
 L - a +1 cloak (worn)
Jewellery
 m - an uncursed ring of protection from cold
 p - a +4 ring of protection (right hand)
 u - a +2 ring of protection (left hand)
 w - an uncursed ring of protection from fire
 A - an uncursed amulet of rage
 D - a +3 ring of intelligence
 I - an uncursed ring of protection from cold
 P - a +5 amulet of reflection (around neck)
 S - an uncursed ring of protection from fire
Wands
 b - a wand of enslavement (21/24)
 s - a wand of paralysis (9/24)
 y - a wand of iceblast (8/15)
 M - a wand of digging (11/24)
 O - a wand of paralysis (4/24)
 Q - a wand of confusion (13/48)
Scrolls
 c - 2 scrolls of teleportation
 g - 6 scrolls of identify
 j - 2 scrolls of blinking
 o - 3 scrolls of magic mapping
 q - 4 scrolls of recharging
 v - 7 scrolls of fear
 B - 3 scrolls of fog
 F - 11 scrolls of remove curse
 J - a scroll of holy word
 R - a scroll of enchant armour
Potions
 e - 3 potions of heal wounds
 f - 9 potions of lignification
 h - 3 potions of ambrosia
 i - 15 potions of curing
 k - 2 potions of flight
 l - 9 potions of haste
 n - 5 potions of agility
 E - 2 potions of magic
 H - a potion of invisibility
 U - 5 potions of resistance
 V - 5 potions of brilliance
 Y - 2 potions of mutation
Miscellaneous
 t - a phantom mirror
Comestibles
 d - 14 bread rations
 z - 2 fruits


   Skills:
 + Level 10.8 Fighting
 + Level 13.6 Short Blades
 + Level 17.1 Dodging
 + Level 22.9 Stealth
 + Level 15.3 Spellcasting
 + Level 15.6 Hexes


You had 30 spell levels left.
You knew the following spells:

 Your Spells              Type           Power        Failure   Level  Hunger
a - Ensorcelled Hibernat  Hex/Ice        ####..       1%          2    None
b - Corona                Hex            ######.      0%          1    None
c - Confuse               Hex            ######..     0%          3    None
d - Tukima's Dance        Hex            ######..     0%          3    None
e - Dazzling Spray        Conj/Hex       ####..       1%          3    None
f - Cause Fear            Hex            ######....   1%          4    None


Dungeon Overview and Level Annotations

Branches:
Dungeon (15/15)            Temple (1/1) D:6            Lair (6/6) D:11
 Shoals (4/4) Lair:4        Snake (4/4) Lair:2        Slime (0/5) Lair:5
    Orc (2/2) D:12            Elf (1/3) Orc:2        Vaults (0/5) D:14
 Depths (1/5) D:15

Altars:
Ashenzari
Cheibriados
Dithmenos
Elyvilon
Fedhas
Gozag
Hepliaklqana
Kikubaaqudgha
Makhleb
Nemelex Xobeh
Okawaru
Qazlal
Ru
Sif Muna
Trog
Uskayaw
Vehumet
Wu Jian
Xom
Yredelemnul
Zin
The Shining One
Beogh

Shops:
D:5 *   D:7 [[!   D:10 *   D:14 *   D:15 =   Orc:2 *([(   Snake:3 *   Snake:4 :

Portals:
Trove: D:12 (give +3 fire dragon scales)

Annotations:
Snake:4 exclusion: Roxanne, Roxanne


Innate Abilities, Weirdness & Mutations

You are very small and have problems with some larger weapons.
You are too small for most types of armour.
You have supernaturally acute eyesight. (SInv)
You are a herbivore.
You cover ground extremely quickly.
You need consume almost no food.
You are partially covered in icy blue scales. (AC +2)
You are partially covered in thin metallic scales. (AC +2)
Your spells are a little easier to cast, but a little less powerful.


Message History

Casting: Dazzling Spray
Confirm with . or Enter, or press ? or * to list all spells.
Aiming: Dazzling Spray
Press: ? - help, Shift-Dir - straight line, f/p - nagaraja
Aim: a nagaraja, wearing a robe (black smoke, severely wounded, constricting you, fast, catching its breath, umbra)
The spray of energy hits the nagaraja.
The nagaraja is almost dead.
The spray of energy hits the nagaraja.
The nagaraja is lightly wounded.
You feel sick. The nagaraja misses you. The nagaraja hits you!
* * * LOW HITPOINT WARNING * * *
x2 The nagaraja constricts you.
The nagaraja spits poison at you. The splash of poison misses you.
The nagaraja's grasp on you weakens, but your attempt to escape fails.
You feel sick.
The nagaraja points at you and mumbles some strange words.
The bolt of poison hits you!
You are lethally poisoned!
You die...

#..# #.)#....N
#..# #..#...N.
#..# #..#.....
#..# #..#.....
#..#######..#.....
#..))...N.).......
#N§#######........
#§N# ##.#.....
#@§# ##..##'###
#§§# ##.........
#§§# #..........
#.)# #......N§##
#.## #######.N§#
#.# ######....N§
#.# ###....#§§§§§.
#.#*#......#§§§§..
#.#*....N..#§§§§#.


You could see 2 nagarajas.

Vanquished Creatures
  Rupert (Lair:4)
  Polyphemus (Shoals:3)
  Frances (D:14)
  2 nagarajas (Snake:2)
  Louise (D:14)
  Aizul (Snake:1)
  Nessos (Lair:4)
  5 merfolk impalers
  2 merfolk javelineers (Shoals:3)
  2 fire dragons
  4 vault guards
  3 catoblepae
  2 hydras
  An alligator snapping turtle (Shoals:2)
  5 centaur warriors
  7 naga warriors
  Erica (D:8)
  2 merfolk aquamancers (Shoals:3)
  5 merfolk avatars
  8 anacondas
  2 satyrs (Shoals:2)
  10 death yaks
  5 two-headed ogres
  13 naga sharpshooters
  7 orc high priests (Orc:2)
  4 shock serpents
  A deep elf knight (D:15)
  A salamander mystic (Snake:4)
  A fire crab (Volcano)
  A deep troll (Depths:1)
  10 sea snakes
  A wizard (D:15)
  5 naga ritualists
  Pikel (D:6)
  A deep elf archer (D:15)
  4 orc knights
  3 lindwurms
  3 deep elf magi (D:15)
  11 mana vipers
  5 harpies (Shoals:1)
  A wolf spider (D:15)
  A necromancer (D:15)
  13 ugly things
  An oklob plant (D:11)
  4 orc sorcerers
  11 salamanders
  7 fauns
  12 manticores
  5 cyclopes
  5 elephants (Lair:3)
  Maurice (D:12)
  A guardian serpent (Snake:3)
  8 naga magi
  43 black mambas
  A merfolk siren (Shoals:2)
  3 molten gargoyles (Lair:6)
  10 spiny frogs
  A gargoyle (D:13)
  4 water nymphs (Shoals:2)
  6 kobold demonologists
  2 rime drakes
  A komodo dragon (shapeshifter) (D:15)
  15 komodo dragons
  3 yaktaurs (D:15)
  4 trolls
  A polar bear (Lair:2)
  18 merfolk
  9 slime creatures
  3 hornets (Lair:5)
  A wind drake (Shoals:1)
  4 blink frogs (Lair:4)
  5 snapping turtles
  9 hippogriffs
  A vampire (D:15)
  14 spriggans
  5 wyverns
  2 centaur simulacra (D:15)
  8 water elementals
  9 basilisks
  3 fire bats (Lair:2)
  26 yaks
  4 steam dragons
  4 hungry ghosts
  Menkaure (D:6)
  41 nagas
  10 vampire mosquitoes
  11 wargs
  A soldier ant (D:14)
  An acid dragon (D:15)
  12 water moccasins
  5 porcupines
  15 orc warriors
  8 hell hounds
  2 ice beasts
  An eye of draining (shapeshifter) (D:10)
  3 sky beasts
  4 black bears
  12 ogres
  A phantom (D:9)
  2 slaves (D:6)
  4 centaurs (D:11)
  6 boggarts
  9 wolves
  15 crocodiles
  18 bullfrogs
  5 big kobolds
  A wyvern zombie (D:12)
  3 water moccasin zombies (Ossuary)
  A wyvern skeleton (D:9)
  2 scorpions
  A water moccasin skeleton (D:4)
  5 killer bees (D:12)
  3 howler monkeys
  2 electric eels (Lair:3)
  4 crimson imps
  5 lava snakes (Lair:6)
  A quasit (D:13)
  2 bullfrog zombies
  4 centaur zombies
  9 jellies
  33 orc priests
  7 centaur skeletons
  10 hounds
  2 bullfrog skeletons
  3 iguanas
  10 orc wizards
  Natasha (twice) (D:4)
  11 worker ants
  3 big kobold zombies (Ossuary)
  7 ogre zombies
  2 mummies (Ossuary)
  A worker ant zombie (D:5)
  17 adders
  7 shadow imps
  5 oozes (D:12)
  3 adder zombies (Ossuary)
  An adder skeleton (D:4)
  3 worms (D:2)
  A leopard gecko (D:4)
  63 orcs
  7 ball pythons
  A giant cockroach (D:8)
  6 gnoll zombies
  5 goblins
  4 hobgoblins
  3 jackals (D:8)
  4 quokkas
  10 bats
  3 frilled lizards
  A goblin skeleton (D:12)
  2 goblin zombies (D:12)
  A hobgoblin skeleton (D:12)
  4 hobgoblin zombies (Ossuary)
  11 kobolds
  6 kobold zombies (Ossuary)
  6 orc skeletons (D:12)
  12 orc zombies
  2 rats
  A plant (D:11)
943 creatures vanquished.

Vanquished Creatures (collateral kills)
  An orc high priest (Orc:2)
  A centaur skeleton (D:14)
  An orc (D:10)
3 creatures vanquished.

Vanquished Creatures (others)
  2 yaktaurs (D:15)
  A hound (D:6)
  A jelly (D:6)
  An adder (D:6)
  4 fungi
  23 plants
32 creatures vanquished.

Grand Total: 978 creatures vanquished

Notes
Turn   | Place    | Note
-------+----------+-------------------------------------------
     0 | D:1      | Zeas the Spriggan Enchanter began the quest for the Orb.
     0 | D:1      | Reached XP level 1. HP: 9/9 MP: 5/5
   388 | D:1      | Reached XP level 2. HP: 13/13 MP: 7/7
   404 | D:1      | Learned a level 2 spell: Ensorcelled Hibernation
  1014 | D:2      | Reached XP level 3. HP: 16/16 MP: 9/9
  1019 | D:2      | Learned a level 3 spell: Confuse
  1023 | D:2      | Learned a level 3 spell: Tukima's Dance
  1559 | D:2      | Reached XP level 4. HP: 21/21 MP: 6/11
  1832 | D:2      | Reached skill level 5 in Hexes
  3139 | D:4      | Reached XP level 5. HP: 20/24 MP: 12/13
  3214 | D:4      | Reached skill level 5 in Spellcasting
  3219 | D:4      | Found a shattered altar of Ashenzari.
  3368 | D:4      | Reached skill level 5 in Stealth
  3644 | D:4      | Noticed Natasha
  3649 | D:4      | Killed Natasha
  3649 | D:4      | Reached XP level 6. HP: 28/28 MP: 15/15
  3867 | D:4      | Noticed Natasha
  3881 | D:4      | Killed Natasha
  3881 | D:4      | Reached skill level 6 in Stealth
  4182 | D:4      | Found a sacrificial altar of Ru.
  4205 | D:5      | Entered Level 5 of the Dungeon
  4229 | D:5      | Learned a level 3 spell: Dazzling Spray
  4385 | D:5      | Reached skill level 7 in Stealth
  4502 | D:5      | Found Veiloquj's General Store.
  4510 | D:5      | Bought a potion of heal wounds for 70 gold pieces
  4510 | D:5      | Bought a scroll of identify for 28 gold pieces
  4599 | D:5      | Reached skill level 8 in Stealth
  5035 | D:6      | Noticed Pikel
  5035 | D:6      | Noticed a slave
  5035 | D:6      | Noticed a slave
  5035 | D:6      | Noticed a slave
  5038 | D:6      | Noticed a slave
  5062 | D:6      | Killed a slave
  5073 | D:6      | Killed a slave
  5087 | D:6      | Killed Pikel
  5087 | D:6      | Reached skill level 11 in Stealth
  5087 | D:6      | Reached XP level 7. HP: 29/32 MP: 16/16
  5253 | D:6      | Reached skill level 12 in Stealth
  5253 | D:6      | Reached XP level 8. HP: 36/36 MP: 17/17
  5292 | D:6      | Found an opulent altar of Gozag.
  5477 | D:6      | Found a sacrificial altar of Ru.
  5477 | D:6      | Found an ancient bone altar of Kikubaaqudgha.
  5488 | D:6      | Found a staircase to the Ecumenical Temple.
  5501 | Temple   | Entered the Ecumenical Temple
  5637 | D:6      | Noticed Menkaure
  5641 | D:6      | Killed Menkaure
  5641 | D:6      | Reached skill level 13 in Stealth
  6363 | D:7      | Found Ethyifyr's Antique Armour Emporium.
  6395 | D:7      | Found Fuarouph's Distillery.
  6423 | D:7      | Found Baroynuwk's Armour Shoppe.
  6458 | D:7      | Reached skill level 14 in Stealth
  6927 | D:7      | Found a shimmering altar of Xom.
  6996 | D:7      | Found a basalt altar of Yredelemnul.
  7084 | D:8      | Noticed a two-headed ogre
  7085 | D:8      | Found a hazy altar of Hepliaklqana.
  7091 | D:8      | Killed a two-headed ogre
  7091 | D:8      | Reached skill level 16 in Stealth
  7091 | D:8      | Reached XP level 9. HP: 39/39 MP: 18/18
  7234 | D:8      | Found a glowing golden altar of the Shining One.
  7251 | D:8      | Noticed Erica
  7257 | D:8      | Killed Erica
  7257 | D:8      | Reached skill level 1 in Fighting
  7443 | D:8      | Gained mutation: You occasionally shout uncontrollably at your foes. [potion of mutation]
  7443 | D:8      | Gained mutation: You are somewhat resistant to further mutation. [potion of mutation]
  7621 | D:8      | Found a sand-covered staircase.
  7630 | Ossuary  | Entered an ossuary
  8879 | D:9      | Noticed a two-headed ogre
  8891 | D:9      | Reached skill level 5 in Dodging
  8902 | D:9      | Reached XP level 10. HP: 30/47 MP: 11/20
  8912 | D:9      | HP: 2/47 [two-headed ogre/giant spiked club (17)]
  8916 | D:9      | Killed a two-headed ogre
  9429 | D:9      | Found an ornate altar of the Wu Jian Council.
  9429 | D:9      | Found a shadowy altar of Dithmenos.
  9435 | D:9      | Became a worshipper of Dithmenos the Shadowed
  9455 | D:9      | Lost mutation: You are somewhat resistant to further mutation. [potion of mutation]
  9455 | D:9      | Lost mutation: You occasionally shout uncontrollably at your foes. [potion of mutation]
  9455 | D:9      | Gained mutation: You are partially covered in thin metallic scales. (AC +2) [potion of mutation]
  9455 | D:9      | Gained mutation: You are partially covered in icy blue scales. (AC +2) [potion of mutation]
  9746 | D:9      | Found a transporter.
  9806 | D:9      | Found a glowing golden altar of the Shining One.
  9843 | D:9      | Found a burning altar of Makhleb.
  9845 | D:9      | Noticed a cacodemon
  9848 | D:9      | Found a glowing silver altar of Zin.
  9848 | D:9      | Noticed an angel
  9890 | D:9      | Found a transporter.
 10086 | D:9      | Got a polished cloak
 10224 | D:9      | Identified the +0 cloak "Nics" {+Blink MR++ Str-5 Stlth+} (You found it on level 9 of the Dungeon)
 10270 | D:10     | Entered Level 10 of the Dungeon
 10375 | D:10     | Found Uklul's General Store.
 10384 | D:10     | Bought a scroll of remove curse for 42 gold pieces
 10384 | D:10     | Bought a scroll of enchant weapon for 105 gold pieces
 10550 | D:10     | Reached skill level 17 in Stealth
 10782 | D:10     | Got a slimy crystal amulet
 10784 | D:10     | Identified the amulet "Ditolir" {RegenMP rPois} (You found it on level 10 of the Dungeon)
 10936 | D:10     | Noticed a spiny frog
 10936 | D:10     | a tarantella changed into a spiny frog
 10941 | D:10     | Noticed an orb spider
 10941 | D:10     | a spiny frog changed into an orb spider
 10945 | D:10     | an orb spider changed into an eye of draining
 11123 | D:11     | Reached * piety under Dithmenos
 11237 | D:11     | Found a staircase to the Lair.
 11238 | D:11     | Noticed an oklob plant
 11242 | D:11     | Killed an oklob plant
 11242 | D:11     | Reached skill level 5 in Short Blades
 11286 | D:11     | Found an iron altar of Okawaru.
 11387 | D:11     | Noticed a two-headed ogre
 11812 | D:11     | Reached XP level 11. HP: 53/53 MP: 20/24
 12191 | D:11     | Killed a two-headed ogre
 12563 | D:12     | Noticed Maurice
 12564 | D:12     | Killed Maurice
 12601 | D:12     | Got a twisted rapier
 12602 | D:12     | Identified the cursed +1 rapier of Sucvyuta {freeze, Str+3} (You found it on level 12 of the Dungeon)
 12848 | D:12     | Reached ** piety under Dithmenos
 13205 | D:12     | Noticed a six-headed hydra
 13226 | D:12     | Killed a six-headed hydra
 13327 | D:12     | Found a staircase to the Orcish Mines.
 13409 | D:12     | Reached *** piety under Dithmenos
 13681 | D:12     | Found a portal to a secret trove of treasure.
 13696 | D:12     | Reached skill level 18 in Stealth
 13910 | D:12     | Identified the +1 war axe of Plog {antimagic, Dex+2} (You found it on level 12 of the Dungeon)
 14527 | D:13     | Noticed a red ugly thing
 14530 | D:13     | Killed a red ugly thing
 14566 | D:13     | Reached skill level 5 in Fighting
 14740 | D:13     | Reached XP level 12. HP: 60/60 MP: 22/26
 15040 | D:13     | Reached skill level 10 in Hexes
 15807 | D:14     | Noticed Louise
 16005 | D:14     | Killed Louise
 16181 | D:14     | Found a gate to the Vaults.
 16181 | D:14     | Noticed a vault guard
 16181 | D:14     | Noticed a vault guard
 16181 | D:14     | Noticed a vault guard
 16182 | D:14     | Noticed a vault guard
 16195 | D:14     | Noticed a fire dragon
 16201 | D:14     | Killed a fire dragon
 16201 | D:14     | Reached **** piety under Dithmenos
 16233 | D:14     | Reached skill level 10 in Dodging
 16238 | D:14     | Killed a vault guard
 16284 | D:14     | Reached skill level 10 in Spellcasting
 16302 | D:14     | Killed a vault guard
 16715 | D:13     | Killed a vault guard
 16719 | D:13     | Killed a vault guard
 16744 | D:14     | Noticed a centaur warrior
 17228 | D:14     | Noticed a centaur warrior
 17233 | D:14     | Reached skill level 19 in Stealth
 17250 | D:14     | Killed a centaur warrior
 17257 | D:14     | Reached XP level 13. HP: 65/65 MP: 28/28
 17468 | D:14     | Found Xicuuden's General Store.
 17916 | D:14     | Noticed Frances
 17921 | D:14     | Killed Frances
 18103 | Lair:1   | Entered Level 1 of the Lair of Beasts
 18933 | Lair:2   | Learned a level 4 spell: Cause Fear
 19183 | Lair:2   | Found a dark tunnel.
 19223 | Volcano  | Entered a volcano
 19459 | Lair:2   | Found a staircase to the Snake Pit.
 21133 | Lair:3   | Reached ***** piety under Dithmenos
 22761 | Lair:4   | Noticed Rupert
 22765 | Lair:4   | Killed Rupert
 22765 | Lair:4   | Reached XP level 14. HP: 72/72 MP: 30/30
 22812 | Lair:4   | Noticed Nessos
 22816 | Lair:4   | Killed Nessos
 23023 | Lair:4   | Found a staircase to the Shoals.
 23029 | Lair:4   | Reached skill level 10 in Short Blades
 23236 | Lair:4   | Reached skill level 20 in Stealth
 23950 | Lair:5   | Found a staircase to the Slime Pits.
 24832 | Lair:5   | Identified the cursed +1 mace of Toramnaink {speed, rPois rF+} (You found it on level 5 of the Lair of Beasts)
 25460 | Lair:6   | Entered Level 6 of the Lair of Beasts
 27879 | Lair:6   | Found a large runed door.
 27880 | Lair:6   | Found a large runed door.
 28223 | Orc:1    | Entered Level 1 of the Orcish Mines
 28810 | Orc:1    | Found a burning altar of Makhleb.
 28963 | Orc:1    | Reached ****** piety under Dithmenos
 29276 | Orc:2    | Entered Level 2 of the Orcish Mines
 29476 | Orc:2    | Reached XP level 15. HP: 78/78 MP: 32/32
 30549 | Orc:2    | Found Oczy's Weapon Shoppe.
 30549 | Orc:2    | Found Qenielafal's Antique Armour Shop.
 31472 | Orc:2    | Found a roughly hewn altar of Beogh.
 31502 | Orc:2    | Bought a wizard robe for 182 gold pieces
 31502 | Orc:2    | Bought a fine robe for 182 gold pieces
 31517 | Orc:2    | Identified the +1 robe "Tuhountadu" {*Contam rC- rCorr Int+8} (You bought it in a shop on level 2 of the Orcish Mines)
 31528 | Orc:2    | Identified the +1 robe of Parts Unknown {-Tele Int+4 Dex+4} (You bought it in a shop on level 2 of the Orcish Mines)
 31566 | Orc:2    | Gained mutation: Your spells are a little easier to cast, but a little less powerful. [mutagenic glow]
 31886 | Orc:2    | Found Iggu's Antique Weapon Shoppe.
 31886 | Orc:2    | Found Ogagen's General Store.
 31899 | Orc:2    | Bought an ancient short sword for 184 gold pieces
 31899 | Orc:2    | Bought a brightly glowing dagger for 161 gold pieces
 31899 | Orc:2    | Identified the +5 short sword of the Eleven Runes {pierce, rC+} (You bought it in a shop on level 2 of the Orcish Mines)
 31900 | Orc:2    | Identified the +6 dagger of Eternal Vigilance {venom, *Contam MR+ Stlth+} (You bought it in a shop on level 2 of the Orcish Mines)
 31934 | Orc:2    | Found a staircase to the Elven Halls.
 32351 | Elf:1    | Entered Level 1 of the Elven Halls
 32555 | D:15     | Entered Level 15 of the Dungeon
 32562 | D:15     | Found Leliuxal's Jewellery Shoppe.
 32735 | D:15     | Reached skill level 21 in Stealth
 33126 | D:15     | Found a stormy altar of Qazlal.
 33663 | D:15     | Found a staircase to the Depths.
 33865 | Depths:1 | Entered Level 1 of the Depths
 34610 | D:15     | Identified a scroll of acquirement
 35073 | Snake:1  | Entered Level 1 of the Snake Pit
 35750 | Snake:1  | Reached skill level 15 in Dodging
 36045 | Snake:1  | Reached XP level 16. HP: 77/84 MP: 9/34
 36282 | Snake:1  | Noticed Aizul
 36285 | Snake:1  | Killed Aizul
 37823 | Snake:2  | HP: 1/84 [naga sharpshooter/bolt (21)]
 39781 | Snake:2  | Reached skill level 22 in Stealth
 40097 | Snake:3  | Reached skill level 10 in Fighting
 40535 | Snake:3  | Found Nyssear's General Store.
 40564 | Snake:3  | Bought a scroll of identify for 32 gold pieces
 40564 | Snake:3  | Bought a scroll of identify for 32 gold pieces
 40564 | Snake:3  | Bought a scroll of teleportation for 48 gold pieces
 40564 | Snake:3  | Bought a potion of invisibility for 128 gold pieces
 40564 | Snake:3  | Bought a potion of curing for 48 gold pieces
 41585 | Snake:4  | Entered Level 4 of the Snake Pit
 41685 | Snake:4  | Found Lomal's Book Shoppe.
 41879 | Shoals:1 | Entered Level 1 of the Shoals
 42705 | Shoals:1 | Reached skill level 15 in Hexes
 43180 | Shoals:1 | Reached XP level 17. HP: 89/89 MP: 36/36
 45788 | Shoals:3 | Noticed Polyphemus
 45802 | Shoals:3 | Killed Polyphemus
 45812 | Shoals:3 | Reached skill level 15 in Spellcasting
 46959 | Shoals:4 | Entered Level 4 of the Shoals
 48403 | Snake:4  | Noticed Roxanne
 49684 | Snake:4  | Killed from afar by a nagaraja

Vault maps used:
D:1:      dpeg_arrival_arbitrary_a
D:2:      minmay_tetromino_s2
D:3:      minmay_snake_closets
D:4:      lemuel_doored_altar, first_bread, hex_medium,
          nicolae_ru_path_of_blood, uniq_natasha
D:5:      serial_shops, shop
D:6:      lemuel_round_altar, chequers_temple_overflow_statue_of_worship,
          minmay_temple_entry_statues_pillars, minmay_misc_feat_hallway,
          corexii_checkpoint_a, uniq_pikel, uniq_menkaure
D:7:      lemuel_zombie_altar_yredelemnul, kennysheep_mini, serial_shops,
          nicolae_shop_waterfront, shop, shop
D:8:      overflow_temple_1_default, tso_altar, enter_ossuary_1, uniq_erica
D:9:      gammafunk_cloud_chamber, grunt_temple_overflow_order_and_chaos_2,
          gammafunk_temple_overflow_statue, basic_altar, supply_closet_lemuel
D:10:     wad_cavern_with_rooms, serial_shops, shop, kennysheep_generic_room_9
D:11:     dpeg_oklobed_lair, okawaru_ov_weapons_minmay
D:12:     zombieorc1_lemuel, enter_trove_1, hangedman_little_slice_of_home,
          eino_small_chamber_without_monster, uniq_maurice
D:13:     lightli_minifort
D:14:     lightli_vaults_fourway_checkpoint, hex_tiny, serial_shops, shop,
          uniq_frances, uniq_louise
D:15:     grunt_enter_depths_magical_seal, serial_shops, shop,
          nicolae_qazlal_general_emergency
Temple:   compressed_dpeg_circular_temple
Lair:1:   serial_bayou_shore_b, serial_bayou_shore_b
Lair:2:   guppyfry_snake_entry_island, nicolae_volcano_entry_batcave,
          st_stairs_4, forest_entry_grove
Lair:3:   beast_lair_carwin_6, infiniplex_staircase_pool
Lair:4:   minmay_shoals_entry_hut, kennysheep_catoblepas_arena, uniq_nessos,
          uniq_rupert
Lair:5:   kb_forest_paths, minmay_slime_entry_pillars
Lair:6:   cheibrodos_lair_end_hotspot, nicolae_quartered_pool_little
Shoals:1: nicolae_shoals_wave_tunnel
Shoals:2: nicolae_shoals_arrival_archipelago
Shoals:3: cheibrodos_shoals_roost, st_sunken_temple, uniq_polyphemus
Shoals:4: shoals_end_grunt_ice, shoals_ilsuiw_alternative
Snake:1:  grunt_megastairs_1, uniq_aizul
Snake:3:  serial_shops, nicolae_shop_stone, lemuel_fruit_tree
Snake:4:  snake_pit, serial_shops, shop, serial_bayou_lagoon_b, uniq_roxanne
Orc:1:    basic_altar, nicolae_orc_pool_cavern
Orc:2:    st_orc_town, nicolae_orc_sculptors_studio
Elf:1:    minmay_elf_demonology, uniq_asterion
Depths:1: kennysheep_big_empty_room, abyss_entry, pf_hell_entry_great_geh,
          corexii_corridor_pit, guppyfry_shop_blood
Ossuary:  ossuary_tomb_2
Volcano:  volcano_pools

Skill      XL: |  1  2  3  4  5  6  7  8  9 10 11 12 13 14 15 16 17 |
---------------+----------------------------------------------------+-----
Spellcasting   | 3 4 5 6 8 9 10 11 12 13 14 15 | 15.3
Hexes          | 4 5 6 7 8 9 11 12 13 14 15 | 15.6
Stealth        | 5 11 12 16 17 18 19 20 21 22 | 22.9
Fighting       | 2 3 5 6 7 8 9 10 | 10.8
Short Blades   | 3 5 7 8 9 10 11 12 13 | 13.6
Dodging        | 5 7 9 11 12 13 15 16 17 | 17.1

Action                   |  1- 3 |  4- 6 |  7- 9 | 10-12 | 13-15 | 16-18 || total
-------------------------+-------+-------+-------+-------+-------+-------++-------
Melee: Dagger            |    75 |   118 |   197 |   539 |  1093 |   689 ||  2711
 Cast: Corona            |     2 |       |       |       |       |       ||     2
       Ensorcelled Hiber |     6 |    32 |    25 |    85 |   175 |    51 ||   374
       Confuse           |       |    15 |    34 |    94 |   103 |    12 ||   258
       Dazzling Spray    |       |     2 |     3 |    17 |   166 |   146 ||   334
       Tukima's Dance    |       |       |       |     3 |     4 |    12 ||    19
Invok: Shadow Step       |       |       |       |     1 |     9 |    10 ||    20
Evoke: Wand              |       |       |       |       |     1 |     2 ||     3
  Use: Scroll            |     9 |    14 |     4 |     8 |    14 |    11 ||    60
       Potion            |       |     1 |     1 |     6 |     5 |    16 ||    29
 Stab: Sleeping          |    10 |    27 |    36 |    84 |   206 |   108 ||   471
       Confused          |       |     9 |    15 |    57 |    51 |     5 ||   137
       Invisible         |       |       |     1 |     3 |    58 |    57 ||   119
       Distracted        |       |       |       |     3 |     9 |     1 ||    13
       Petrified         |       |       |       |       |       |     1 ||     1
  Eat: Fruit             |       |     2 |       |     4 |       |     9 ||    15
       Royal jelly       |       |     1 |       |     3 |     8 |     5 ||    17
       Bread ration      |       |       |     1 |       |       |       ||     1
Armor: Robe              |    19 |     9 |    15 |    39 |    56 |    46 ||   184
Dodge: Dodged            |    61 |    67 |   119 |   376 |   804 |   737 ||  2164
Block: Other             |       |       |       |       |   142 |   129 ||   271
       Reflection        |       |       |       |       |     6 |    11 ||    17

Table legend:
 A = Spawn XP
 B = Non-spawn XP
 C = Spawn XP percentage of total XP
 D = Spawn monster count
 E = Non-spawn monster count
 F = Spawn count percentage of total count
 G = Total turns spent on level
                    A         B        C        D         E        F      G
               +---------+---------+-------+---------+---------+-------+---------
         Total |       0 |  268387 |   0.0 |       0 |     946 |   0.0 | 49684
               +---------+---------+-------+---------+---------+-------+---------
           D:1 |       0 |      22 |   0.0 |       0 |      15 |   0.0 |   971
           D:2 |       0 |      86 |   0.0 |       0 |      15 |   0.0 |  1214
           D:3 |       0 |      84 |   0.0 |       0 |      14 |   0.0 |   940
           D:4 |       0 |     239 |   0.0 |       0 |      13 |   0.0 |  1080
           D:5 |       0 |     266 |   0.0 |       0 |       9 |   0.0 |   801
           D:6 |       0 |    1121 |   0.0 |       0 |      13 |   0.0 |   956
           D:7 |       0 |     499 |   0.0 |       0 |      14 |   0.0 |  1032
           D:8 |       0 |    2337 |   0.0 |       0 |      21 |   0.0 |   694
           D:9 |       0 |    2781 |   0.0 |       0 |      18 |   0.0 |  1423
          D:10 |       0 |     911 |   0.0 |       0 |      13 |   0.0 |   808
          D:11 |       0 |    4596 |   0.0 |       0 |      28 |   0.0 |  1590
          D:12 |       0 |    6039 |   0.0 |       0 |      69 |   0.0 |  2073
          D:13 |       0 |    6604 |   0.0 |       0 |      27 |   0.0 |  1977
          D:14 |       0 |   16305 |   0.0 |       0 |      39 |   0.0 |  1750
          D:15 |       0 |   22358 |   0.0 |       0 |      57 |   0.0 |  2130
        Lair:1 |       0 |    3900 |   0.0 |       0 |       9 |   0.0 |  1425
        Lair:2 |       0 |    5174 |   0.0 |       0 |      21 |   0.0 |  1629
        Lair:3 |       0 |    7592 |   0.0 |       0 |      25 |   0.0 |  1346
        Lair:4 |       0 |   10936 |   0.0 |       0 |      32 |   0.0 |  1576
        Lair:5 |       0 |   13001 |   0.0 |       0 |      47 |   0.0 |  1674
        Lair:6 |       0 |   13849 |   0.0 |       0 |      50 |   0.0 |  2506
      Shoals:1 |       0 |   12399 |   0.0 |       0 |      26 |   0.0 |  1863
      Shoals:2 |       0 |    9787 |   0.0 |       0 |      19 |   0.0 |  1393
      Shoals:3 |       0 |   24368 |   0.0 |       0 |      36 |   0.0 |  1917
      Shoals:4 |       0 |     738 |   0.0 |       0 |       3 |   0.0 |    66
       Snake:1 |       0 |   25689 |   0.0 |       0 |      55 |   0.0 |  2753
       Snake:2 |       0 |   23381 |   0.0 |       0 |      37 |   0.0 |  2354
       Snake:3 |       0 |   15242 |   0.0 |       0 |      31 |   0.0 |  1685
       Snake:4 |       0 |   17758 |   0.0 |       0 |      33 |   0.0 |  2365
         Orc:1 |       0 |    1976 |   0.0 |       0 |      22 |   0.0 |  1631
         Orc:2 |       0 |   14282 |   0.0 |       0 |     100 |   0.0 |  2553
      Depths:1 |       0 |    1664 |   0.0 |       0 |       2 |   0.0 |    84
       Ossuary |       0 |     380 |   0.0 |       0 |      27 |   0.0 |  1069
       Volcano |       0 |    2023 |   0.0 |       0 |       6 |   0.0 |   163
               +---------+---------+-------+---------+---------+-------+---------
